 Dungeon Crawl Stone Soup version 0.31-a0-1144-g99969ba1bc (webtiles) character file.

Game seed: 1202097869896321574

61 Maratek the Shield-Bearer (level 4, -3/31 HPs)
             Began as an Octopode Fighter on Dec 6, 2023.
             Was a Follower of Kikubaaqudgha.
             Slain by a centaur (4 damage)
             ... on level 3 of the Dungeon.
             The game lasted 00:02:44 (1434 turns).

Maratek the Shield-Bearer (Octopode Fighter)        Turns: 1434, Time: 00:02:45

Health: -3/31      AC:  1    Str: 17    XL:     4   Next: 7%
Magic:  1/1        EV: 13    Int: 16    God:    Kikubaaqudgha [*.....]
Gold:   179        SH:  5    Dex: 11    Spells: 3/3 levels left

rFire   . . .        e - +2 spear (antimagic)
rCold   . . .        b - +1 buckler
rNeg    . . .        (helmet restricted)
rPois   .            (no amulet)
rElec   .            f - +6 ring of intelligence
rCorr   .            (no ring)
SInv    .            (no ring)
Will    .....        (no ring)
Stlth   ++           (no ring)
HPRegen 0.25/turn    (no ring)
MPRegen 0.07/turn    (no ring)
                     (no ring)

%: no passive effects
@: no status effects
A: almost no armour, amphibious, 8 rings, camouflage 1, gelatinous body 1,
(nimble swimmer 1), tentacles
a: Renounce Religion, Unearth Wretches


You were on level 3 of the Dungeon.
You worshipped Kikubaaqudgha.
Kikubaaqudgha was aware of your devotion.
You visited 1 branch of the dungeon, and saw 3 of its levels.

You collected 179 gold pieces.

Inventory:

Hand Weapons
 e - a +2 antimagic spear (weapon)
Armour
 b - a +1 buckler (worn)
Jewellery
 f - a +6 ring of intelligence (left tentacle)
Wands
 i - a wand of iceblast (15)
Potions
 c - 2 potions of might
 d - 2 potions of berserk rage {unknown}
 g - 2 potions of lignification {unknown}
 m - a potion of degeneration {unknown}


   Skills:
 + Level 3.4 Fighting
 + Level 2.7 Axes
 + Level 3.4 Dodging
 + Level 3.5 Shields


You had 3 spell levels left.
You didn't know any spells.
Your spell library contained the following spells:

 Spells                   Type           Power      Damage    Failure   Level
 Apportation              Tloc           0%         N/A       32%         1
 Necrotise                Necr           0%         1d4       32%         1
 Cigotuvi's Dreadful Rot  Necr/Pois/Air  0%         N/A       43%         2
 Jinxbite                 Hex            0%         N/A       43%         2
 Vampiric Draining        Necr           0%         2d6       67%         3
 Animate Dead             Necr           0%         N/A       97%         4
 Alistair's Intoxication  Tmut/Pois      0%         N/A       100%        5


Dungeon Overview and Level Annotations

Branches:
Dungeon (3/15)

Altars:
Kikubaaqudgha


Innate Abilities, Weirdness & Mutations

You cannot wear most types of armour.
You are amphibious.
You can wear up to eight rings at the same time.
Your skin changes colour to match your surroundings (Stealth+).
Your rubbery body absorbs attacks. (AC +1, EV +1)
((You are camouflaged when in or above water. (Stealth+)))
You have tentacles for arms and can constrict up to eight enemies at once.


Message History

The centaur wields a +0 shortbow.
The centaur shoots an arrow.
The arrow hits you.
The centaur shoots an arrow.
The arrow misses you.
The centaur shoots an arrow.
The arrow hits you!
You reach to attack!
You hit the centaur but do no damage.
A giant cockroach comes into view.
The centaur shoots an arrow.
The arrow hits you!
* * * LOW HITPOINT WARNING * * *
You are too injured to fight recklessly!
You are too injured to fight recklessly!
You are too injured to fight recklessly!
You are too injured to fight recklessly!
You are too injured to fight recklessly!
You are too injured to fight recklessly!
You are too injured to fight recklessly!
You are too injured to fight recklessly!
You are too injured to fight recklessly!
You are too injured to fight recklessly!
You are too injured to fight recklessly!
You are too injured to fight recklessly!
You are too injured to fight recklessly!
You are too injured to fight recklessly!
You are too injured to fight recklessly!
You are too injured to fight recklessly!
You are too injured to fight recklessly!
You are too injured to fight recklessly!
You are too injured to fight recklessly!
You are too injured to fight recklessly!
You are too injured to fight recklessly!
The centaur unwields a +0 shortbow.
The centaur misses you. The centaur kicks you.
* * * LOW HITPOINT WARNING * * *
You hit the centaur.
The centaur is lightly wounded.
The centaur hits you.
* * * LOW HITPOINT WARNING * * *
The centaur kicks you but does no damage.
The centaur hits you.
You die...
Kikubaaqudgha rasps: "You have failed me!
Welcome... death!"

###......)..........
#..........)........
#.......#####...##.#
# #.#..##.# #...####
#.##.#..##†# #...#
......##.# #...#
#.##.##.# #...#
#.B.....# #...#
#.c@....# ##...
.........##.# ####
##.###.#..../.
#.#.##.### #.#.##.#
#....... ###.# ##
#.#


You could see a centaur and a giant cockroach.

Vanquished Creatures
  2 adders
  A worm (D:2)
  3 ball pythons
  An endoplasm (D:1)
  A giant cockroach (D:2)
  3 goblins
  7 hobgoblins
  4 jackals (D:2)
  4 kobolds (D:1)
  2 quokkas
  3 bats
  3 frilled lizards (D:1)
  4 rats
38 creatures vanquished.

Notes
Turn   | Place    | Note
-------+----------+-------------------------------------------
     0 | D:1      | Maratek the Octopode Fighter began the quest for the Orb.
     0 | D:1      | Reached XP level 1. HP: 16/16 MP: 1/1
   126 | D:1      | Reached XP level 2. HP: 21/21 MP: 2/2
   581 | D:2      | Reached XP level 3. HP: 25/26 MP: 3/3
  1331 | D:3      | Found a faded altar of an unknown god.
  1340 | D:3      | Prayed at the altar of an unknown god.
  1340 | D:3      | Became a worshipper of Kikubaaqudgha
  1340 | D:3      | Reached * piety under Kikubaaqudgha
  1340 | D:3      | Received a gift from Kikubaaqudgha
  1361 | D:3      | Reached XP level 4. HP: 28/31 MP: 4/4
  1411 | D:3      | Noticed a centaur
  1434 | D:3      | HP: 1/31 [centaur (5)]
  1434 | D:3      | Slain by a centaur

Illustrated notes

Levels and vault maps discovered:
D:1:      dpeg_arrival_rooms_b, layout_rooms
D:2:      layout_basic, nicolae_concentric_dashed_squares_wild, minmay_cupped
D:3:      layout_loops_cross, hellmonk_okawaru_the_only_friend_you_need,
          basic_ecumenical_altar, minmay_ogre_servants

Action                     |  1- 3 |  4- 6 || total
---------------------------+-------+-------++-------
  Melee: War axe           |    63 |     1 ||    64
         Tentacles         |    12 |       ||    12
         Constrict         |    14 |       ||    14
         Spear             |       |     2 ||     2
    Use: Scroll            |     6 |       ||     6
   Stab: Sleeping          |     9 |       ||     9
 Armour: Skin              |    32 |     9 ||    41
  Dodge: Dodged            |    61 |     2 ||    63
  Block: Buckler           |     5 |       ||     5

Table legend: (Time is in decaauts)
 A = Elapsed time spent in this place.
 B = Non-inter-level travel time spent in this place.
 C = Inter-level travel time spent in this place.
 D = Time resting spent in this place.
 E = Time spent auto-exploring this place.
 F = Levels seen in this place.
 G = Mean time per level.
                   A        B        C        D        E       F      G
               +--------+--------+--------+--------+--------+-----+--------+
         Total |   1459 |   1406 |     53 |     38 |   1057 |   3 |  486.3 |
       Dungeon |   1459 |   1406 |     53 |     38 |   1057 |   3 |  486.3 |
               +--------+--------+--------+--------+--------+-----+--------+

Top non-repeatable levels by time:
     D:2: 780 daAuts
     D:1: 574 daAuts
     D:3: 104 daAuts
